 Dungeon Crawl Stone Soup version 0.29.0-5-ge4962eb29e (webtiles) character file.

Game seed: 5952106957639708933

42 gelatine the Vexing (level 3, -4/39 HPs)
             Began as a Demonspawn Arcane Marksman on Aug 28, 2022.
             Slain by an orc priest
             ... wielding a +0 trident
              (5 damage)
             ... on level 3 of the Dungeon.
             The game lasted 00:06:43 (2349 turns).

gelatine the Vexing (Demonspawn Arcane Marksman)    Turns: 2349, Time: 00:06:43

Health: -4/39      AC: 21    Str: 10    XL:     3   Next: 35%
Magic:  2/5        EV:  2    Int: 16    God:
Gold:   146        SH:  0    Dex: 13    Spells: 0/4 levels left

rFire   . . .      SeeInvis .   a - +1 sling
rCold   . . .      Faith    .   (no shield)
rNeg    . . .      Spirit   .   (body armour currently unavailable)
rPois   +          Reflect  .   (helmet currently unavailable)
rElec   .          Harm     .   (cloak currently unavailable)
rCorr   .          Rampage  .   (gloves currently unavailable)
Will    .....      NoTele   +   (boots currently unavailable)
Stlth   +.........              (no amulet)
HPRegen 0.13/turn               y - ring of poison resistance
MPRegen 0.09/turn               (no ring)

@: mighty, tree-form, on berserk cooldown, slowed, very slow
A: stationary, stasis, torment immunity, boosted hp, ignite blood 1
a: no special abilities


You were on level 3 of the Dungeon.
You were a tree.
You visited 1 branch of the dungeon, and saw 3 of its levels.

You collected 146 gold pieces.

Inventory:

Hand Weapons
 a - a +1 sling (weapon)
 o - a +0 dagger
 x - a +0 flail of draining
Missiles
 m - 2 datura-tipped darts
 u - 10 poisoned darts
Armour
 c - a +0 robe (melded)
 i - a +0 pair of boots (melded)
Jewellery
 y - a ring of poison resistance (left branch)
Scrolls
 b - a scroll of poison
 d - a scroll of fear {unknown}
 e - a scroll of immolation {unknown}
 g - 2 scrolls of identify {unknown}
 k - a scroll of noise {unknown}
 l - 3 scrolls of enchant weapon {unknown}
 n - a scroll of vulnerability {unknown}
 p - a scroll of magic mapping {unknown}
 q - 2 scrolls of fog {unknown}
 s - a scroll of teleportation {unknown}
 v - a scroll of enchant armour {unknown}
Potions
 f - a potion of lignification
 r - a potion of brilliance {unknown}
 t - a potion of flight
 w - a potion of might


   Skills:
 + Level 1.3 Fighting
 + Level 2.5 Ranged Weapons
 + Level 1.8 Dodging
 + Level 0.2 Stealth
 + Level 1.4 Spellcasting
 + Level 3.4 Hexes
 + Level 0.1 Fire Magic


You couldn't memorise any spells.
You knew the following spells:

 Your Spells              Type           Power      Damage    Failure   Level
a - Slow                  Hex            48%        N/A       5%          1
b - Inner Flame           Hex/Fire       6%         N/A       32%         3

Your spell library contained the following spells:

 Spells                   Type           Power      Damage    Failure   Level
 Apportation              Tloc           2%         N/A       22%         1
 Necrotise                Necr           4%         1d4       22%         1
 Summon Small Mammal      Summ           4%         N/A       22%         1
 Portal Projectile        Hex/Tloc       12%        N/A       32%         3
 Cause Fear               Hex            6%         N/A       47%         4


Dungeon Overview and Level Annotations

Branches:
Dungeon (3/15)

Altars:
Gozag
Vehumet

Shops:
D:1 ?   D:3 [


Innate Abilities, Weirdness & Mutations

You are a tree.
Your roots penetrate the ground, keeping you stationary.
You cannot be teleported.
You are immune to unholy pain and torment.
Your maximum health is greatly increased.
Your equipment is partially melded.
Your demonic aura sometimes causes spilled blood to erupt in flames.


Message History

The orc priest hits you but does no damage.
You are too berserk!
You are too berserk!
An orc priest is nearby!
An orc priest is nearby!
You feel a strong urge to attack something.
The orc priest hits you but does no damage.
You feel your anger nearly subside.
You are no longer berserk.
You are exhausted.
You feel yourself slow down.
The orc priest hits you but does no damage.
Fire: a) +1 sling
Press: ? - help, Q - select action, (/) - cycle Shift-Dir - straight line, f/p - orc priest
Aim: an orc priest, wielding a +0 trident and wearing a +0 ring mail (60% to hit)
You shoot a sling bullet. The sling bullet hits the orc priest.
The orc priest is lightly wounded.
The orc priest hits you but does no damage.
Fire: a) +1 sling
Press: ? - help, Q - select action, (/) - cycle Shift-Dir - straight line, f/p - orc priest
Aim: an orc priest, wielding a +0 trident and wearing a +0 ring mail (60% to hit)
You shoot a sling bullet. The sling bullet hits the orc priest.
The orc priest is lightly wounded.
The orc priest hits you but does no damage.
The orc priest mumbles some strange prayers to Beogh against you.
Beogh smites you!
* * * LOW HITPOINT WARNING * * *
Fire: a) +1 sling
Press: ? - help, Q - select action, (/) - cycle Shift-Dir - straight line, f/p - orc priest
Aim: an orc priest, wielding a +0 trident and wearing a +0 ring mail (lightly wounded, 60% to hit)
You shoot a sling bullet.
The sling bullet completely misses the orc priest.
The orc priest hits you but does no damage. x2
It was a potion of flight.
Your roots keep you in place.
The orc priest hits you but does no damage.
The orc priest hits you from afar with a +0 trident.
* * * LOW HITPOINT WARNING * * *
It was a potion of might.
You feel very mighty all of a sudden.
The orc priest hits you from afar with a +0 trident.
You die...

##..#####
##.........####...#####
'.........+...........
.........####.....###
....... ##....... .....
####.### .o. #.# #)#
#.# #♣# ### #.# #.#
##.## #.# ##.###...##
#.# ##...#.....#####.#
#................#
##..........######
..............#
#######.......#
###...###


You could see an orc priest.

Vanquished Creatures
  A dart slug (D:2)
  2 orcs (D:3)
  3 ball pythons (D:1)
  2 endoplasms
  5 goblins
  7 hobgoblins
  A kobold (D:2)
  A quokka (D:3)
  5 bats
  3 frilled lizards
  3 rats
33 creatures vanquished.

Notes
Turn   | Place    | Note
-------+----------+-------------------------------------------
     0 | D:1      | gelatine the Demonspawn Arcane Marksman began the quest for
                  | the Orb.
     0 | D:1      | Reached XP level 1. HP: 15/15 MP: 2/2
   226 | D:1      | Found Vyankach's Magic Scroll Emporium.
   468 | D:1      | Gained mutation: Your demonic aura sometimes causes spilled
                  | blood to erupt in flames. [demonic ancestry]
   468 | D:1      | Reached XP level 2. HP: 21/21 MP: 0/3
   770 | D:1      | Found a faded altar of an unknown god.
  1461 | D:2      | Reached XP level 3. HP: 24/26 MP: 5/5
  1465 | D:2      | Learned a level 3 spell: Inner Flame
  1750 | D:3      | Found a radiant altar of Vehumet.
  1778 | D:3      | Found an opulent altar of Gozag.
  2059 | D:3      | Found Melomni's Armour Shop.
  2346 | D:3      | HP: 1/39 [orc priest/divine providence (7)]
  2349 | D:3      | Slain by an orc priest

Illustrated notes

Levels and vault maps discovered:
D:1:      nzn_arrival_depleted_hourglass, layout_basic,
          shapermc_ecumenical_altar_acropolis, serial_shops,
          nicolae_shop_advertising_works [nicolae_subvault_shop_adworks],
          minmay_statues_item
D:2:      layout_loops_ring
D:3:      wander_river, layout_loops_corners, mainiacjoe_overflow_two_lobes,
          serial_shops, nicolae_shop_temple_entry_statues_fountains, uniq_robin

Skill      XL: |  1 |
---------------+----+-----
Ranged Weapons | 2 |  2.5
Fighting       | |  1.3
Dodging        | |  1.8
Stealth        | |  0.2
Spellcasting   | |  1.4
Hexes          | |  3.4
Fire Magic     | |  0.1

Action                   || total
-------------------------++-------
 Fire: Sling             ||   121
 Cast: Slow              ||    38
  Use: Potion            ||     5
Armor: Robe              ||    13
       Skin              ||    17
Dodge: Dodged            ||    22
